 Dungeon Crawl Stone Soup version 0.31-a0-672-g7da72447bb (webtiles) character file.

Game seed: 13658953865663963204

90 RepHenryClay the Cutter (level 4, -2/22 (38) HPs)
             Began as a Gnoll Reaver on Sept 4, 2023.
             Killed from afar by an orc wizard (9 damage)
             ... with a magic dart
             ... on level 3 of the Dungeon.
             The game lasted 00:05:05 (2417 turns).

RepHenryClay the Cutter (Gnoll Reaver)              Turns: 2417, Time: 00:05:06

HP:   -2/22 (38)    AC:  7    Str: 11    XL:     4   Next: 56%
MP:   11/11         EV: 11    Int: 13    God:
Gold: 174           SH:  0    Dex: 12    Spells: 7/13 levels left

rFire   . . .        a - +0 short sword
rCold   . . .        (no shield)
rNeg    . . .        k - +0 ring mail
rPois   .            (no helmet)
rElec   .            (no cloak)
rCorr   .            h - +1 pair of gloves
SInv    .            (no boots)
Will    +....        (no amulet)
Stlth   +            j - ring of willpower
HPRegen 0.23/turn    (no ring)
MPRegen 0.12/turn

%: no passive effects
@: very heavily drained
A: fangs 1, strong nose, distributed training
a: no special abilities


You were on level 3 of the Dungeon.
You visited 1 branch of the dungeon, and saw 3 of its levels.

You collected 174 gold pieces.

Inventory:

Hand Weapons
 a - a +0 short sword (weapon)
 c - a +2 flail of draining
Armour
 b - a +0 leather armour
 d - a +0 scale mail
 h - a +1 pair of gloves (worn)
 k - a +0 ring mail (worn)
Jewellery
 j - a ring of willpower (left hand)
Scrolls
 f - a scroll of silence


   Skills:
 + Level 4.6 Fighting
 + Level 6.6 Short Blades
 + Level 1.2 Long Blades
 + Level 1.2 Axes
 + Level 1.2 Maces & Flails
 + Level 1.2 Polearms
 + Level 1.2 Staves
 + Level 1.2 Ranged Weapons
 + Level 1.2 Throwing
 + Level 1.2 Armour
 + Level 4.6 Dodging
 + Level 1.2 Stealth
 + Level 1.2 Shields
 + Level 1.2 Unarmed Combat
 + Level 5.1 Spellcasting
 + Level 5.5 Conjurations
 + Level 1.0 Hexes
 + Level 1.0 Summonings
 + Level 1.0 Necromancy
 + Level 1.0 Translocations
 + Level 1.0 Transmutations
 + Level 1.0 Fire Magic
 + Level 1.0 Ice Magic
 + Level 1.0 Air Magic
 + Level 1.0 Earth Magic
 + Level 1.0 Poison Magic
 + Level 1.3 Invocations
 + Level 1.2 Evocations
 + Level 1.1 Shapeshifting


You had 7 spell levels left.
You knew the following spells:

 Your Spells              Type           Power      Damage    Failure   Level
a - Kiss of Death         Conj/Necr      44%        2d8       12%         1
b - Momentum Strike       Conj/Tloc      22%        3d8       17%         2
c - Hailstorm             Conj/Ice       11%        3d5       34%         3

Your spell library contained the following spells:

 Spells                   Type           Power      Damage    Failure   Level


Dungeon Overview and Level Annotations

Branches:
Dungeon (3/15)

Altars:
Wu Jian

Annotations:
D:3 Pargi, Sigmund


Innate Abilities, Weirdness & Mutations

You have very sharp teeth.
Your uncanny sense of smell can sniff out nearby items.
Your experience applies equally to all skills.


Message History

The orc wizard is heavily wounded.
You hit the orc wizard.
The orc wizard is severely wounded.
Sigmund the Dreaded comes into view.
He is wielding a +0 scythe and carrying a wand of flame.
The orc wizard casts a spell.
The orc wizard flickers and vanishes!
Deactivating autopickup; reactivate with Ctrl-A.
The orc throws a poisoned dart.
The poisoned dart barely misses you.
You hear a shout! x2
You hit something. Your bite misses something.
Something hits you but does no damage.
An orc comes into view. It is wielding a +0 club.
You barely miss something. You barely miss something.
You hear some strange, mumbled words.
A puff of flame appears from out of thin air!
The puff of flame hits you!
* * * LOW HITPOINT WARNING * * *
A hobgoblin comes into view.
Huge Dmg: -46%(-10hp) hp: 32%(7hp) Level annotation: Pargi, Sigmund Welcome back, RepHenryClay the Gnoll Reaver.
Press ? for a list of commands and other information.
A goblin comes into view. It is wielding a +0 club.
You hear some strange, mumbled words.
A puff of flame appears from out of thin air!
Deactivating autopickup; reactivate with Ctrl-A.
The puff of flame hits you.
* * * LOW HITPOINT WARNING * * *
Huge Dmg: -27%(-6hp) hp: 5%(1hp) Level annotation: Pargi, Sigmund Welcome back, RepHenryClay the Gnoll Reaver.
Press ? for a list of commands and other information.
You feel better.
Sigmund casts a spell.
Sigmund flickers and vanishes!
Deactivating autopickup; reactivate with Ctrl-A.
A magic dart appears from out of thin air!
The magic dart hits you!
You die...

#.#.# #.#.###.##.#
#.#.# #.#.# #.#*,#
#.#.# ##*,#.# #.#*,*
#.#.# *#..,#.#
#.#*,****** ..#.#
**,..##.# #..,,,,,,,*
..#.### **,**#.#.#
###*,****,*
......#****,** *#.g##
*,* *,* ).###.....,,*
#...# *,****,* .##
*#####*,**
*#@..#####.(.**,* ##
**,**#.#.{).oo..#*,*,*
**,..###o###g###**,,*
*#<#* #...,,,∆,,,,,*
#.* #####,*∆,**,** ##
#,* **,,,*,** .# *,*
**,,,** .# *,* *,,**
)# **,**********,,*


You could see 3 orcs, a hobgoblin and a goblin.

Vanquished Creatures
  Terence (D:3)
  2 adders
  A worm (D:2)
  3 orcs
  2 endoplasms
  2 giant cockroaches
  4 goblins
  4 hobgoblins
  2 jackals (D:3)
  A kobold (D:1)
  3 ball pythons (D:2)
  4 bats
  5 frilled lizards
  7 rats
41 creatures vanquished.

Notes
Turn   | Place    | Note
-------+----------+-------------------------------------------
     0 | D:1      | RepHenryClay the Gnoll Reaver began the quest for the Orb.
     0 | D:1      | Reached XP level 1. HP: 20/20 MP: 6/6
   274 | D:1      | Reached XP level 2. HP: 26/26 MP: 7/7
   673 | D:2      | Found an ornate altar of the Wu Jian Council.
   785 | D:2      | Reached XP level 3. HP: 31/31 MP: 9/9
   805 | D:2      | Reached skill level 5 in Spellcasting
  1070 | D:2      | Learned a level 2 spell: Momentum Strike
  1074 | D:2      | Learned a level 3 spell: Hailstorm
  1375 | D:2      | Reached skill level 1 in Invocations
  1851 | D:3      | Reached skill level 1 in Long Blades
  1851 | D:3      | Reached skill level 1 in Axes
  1851 | D:3      | Reached skill level 1 in Maces & Flails
  1851 | D:3      | Reached skill level 1 in Polearms
  1851 | D:3      | Reached skill level 1 in Staves
  1851 | D:3      | Reached skill level 1 in Ranged Weapons
  1851 | D:3      | Reached skill level 1 in Throwing
  1851 | D:3      | Reached skill level 1 in Armour
  1851 | D:3      | Reached skill level 1 in Stealth
  1851 | D:3      | Reached skill level 1 in Shields
  1851 | D:3      | Reached skill level 1 in Unarmed Combat
  1851 | D:3      | Reached skill level 1 in Evocations
  2045 | D:3      | Noticed Terence
  2134 | D:3      | Killed Terence
  2135 | D:3      | Reached skill level 1 in Shapeshifting
  2135 | D:3      | Reached XP level 4. HP: 4/20 MP: 7/11
  2288 | D:3      | Reached skill level 1 in Hexes
  2288 | D:3      | Reached skill level 1 in Summonings
  2288 | D:3      | Reached skill level 1 in Necromancy
  2288 | D:3      | Reached skill level 1 in Translocations
  2288 | D:3      | Reached skill level 1 in Transmutations
  2288 | D:3      | Reached skill level 1 in Fire Magic
  2288 | D:3      | Reached skill level 1 in Ice Magic
  2288 | D:3      | Reached skill level 1 in Air Magic
  2288 | D:3      | Reached skill level 1 in Earth Magic
  2288 | D:3      | Reached skill level 1 in Poison Magic
  2318 | D:3      | Noticed Pargi
  2410 | D:3      | Noticed Sigmund
  2414 | D:3      | HP: 1/22 [something/puff of flame (6)]
  2417 | D:3      | Killed from afar by an orc wizard

Illustrated notes

Levels and vault maps discovered:
D:1:      amcnicky_arrival_gap_in_the_tavern_cellar, layout_loops_cross,
          dk_noncrumbling_3
D:2:      layout_loops_corners, basic_altar
D:3:      layout_loops_ring, dreamdust_princess_corridor, uniq_pargi,
          uniq_crazy_yiuf_cottage, uniq_sigmund, uniq_terence

Skill      XL: |  1  2  3  4 |
---------------+-------------+-----
Spellcasting   | 5 |  5.1
Invocations    | 1 |  1.3
Long Blades    | 1 |  1.2
Axes           | 1 |  1.2
Maces & Flails | 1 |  1.2
Polearms       | 1 |  1.2
Staves         | 1 |  1.2
Ranged Weapons | 1 |  1.2
Throwing       | 1 |  1.2
Armour         | 1 |  1.2
Stealth        | 1 |  1.2
Shields        | 1 |  1.2
Unarmed Combat | 1 |  1.2
Evocations     | 1 |  1.2
Shapeshifting  | 1 |  1.1
Hexes          | 1 |  1.0
Summonings     | 1 |  1.0
Necromancy     | 1 |  1.0
Translocations | 1 |  1.0
Transmutations | 1 |  1.0
Fire Magic     | 1 |  1.0
Ice Magic      | 1 |  1.0
Air Magic      | 1 |  1.0
Earth Magic    | 1 |  1.0
Poison Magic   | 1 |  1.0
Fighting       | |  4.6
Short Blades   | |  6.6
Dodging        | |  4.6
Conjurations   | |  5.5

Action                     |  1- 3 |  4- 6 || total
---------------------------+-------+-------++-------
  Melee: Short sword       |   185 |    51 ||   236
         Bite              |    20 |     7 ||    27
         Punch             |     2 |     2 ||     4
   Cast: Kiss of Death     |     3 |       ||     3
         Momentum Strike   |     1 |       ||     1
    Use: Potion            |     5 |     1 ||     6
         Scroll            |     2 |       ||     2
   Stab: Sleeping          |     1 |       ||     1
 Armour: Leather armour    |    38 |       ||    38
         Ring mail         |    37 |    20 ||    57
  Dodge: Dodged            |    78 |    13 ||    91

Table legend: (Time is in decaauts)
 A = Elapsed time spent in this place.
 B = Non-inter-level travel time spent in this place.
 C = Inter-level travel time spent in this place.
 D = Time resting spent in this place.
 E = Time spent auto-exploring this place.
 F = Levels seen in this place.
 G = Mean time per level.
                   A        B        C        D        E       F      G
               +--------+--------+--------+--------+--------+-----+--------+
         Total |   2323 |   2193 |    130 |    107 |   1658 |   3 |  774.3 |
       Dungeon |   2323 |   2193 |    130 |    107 |   1658 |   3 |  774.3 |
               +--------+--------+--------+--------+--------+-----+--------+

Top non-repeatable levels by time:
     D:2: 1068 daAuts
     D:3: 637 daAuts
     D:1: 618 daAuts
